 Dungeon Crawl Stone Soup version 0.20.1-1-g8b1a95d (webtiles) character file.

49 LiquoriceLizzard the Skirmisher (level 3, 0/29 HPs)
             Began as a Demonspawn Abyssal Knight on Nov 5, 2017.
             Was a Follower of Lugonu.
             Succumbed to an adder's poison
             ... on level 2 of the Dungeon.
             The game lasted 00:14:37 (1574 turns).

LiquoriceLizzard the Skirmisher (DsAK)              Turns: 1574, Time: 00:14:38

Health: 0/29       AC:  3    Str:  9 (12) XL:     3   Next: 51%
Magic:  5/5        EV: 11    Int: 10 (13) God:    Lugonu [*.....]
Gold:   137        SH:  0    Dex: 14 (15) Spells: 2/2 levels left

rFire    . . .     SeeInvis .   a - +1 hand axe
rCold    + . .     Gourm    .   (no shield)
rNeg     . . .     Faith    .   b - +0 leather armour
rPois    .         Spirit   .   (no helmet)
rElec    .         Reflect  .   (no cloak)
rCorr    .         Harm     .   (no gloves)
MR       .....                  (no boots)
Stlth    ++........             (no amulet)
Regen    0.1/turn               (no ring)
MPRegen  0.1/turn               (no ring)

@: lethally poisoned (0 -> -6), berserk cooldown, slowed, very slow
A: thin skeletal structure 1, cold resistance 1
a: Depart the Abyss, Renounce Religion


You were on level 2 of the Dungeon.
You worshipped Lugonu.
Lugonu was aware of your devotion.
You were not hungry.

You visited 1 branch of the dungeon, and saw 2 of its levels.
You visited the Abyss 1 time.

You collected 137 gold pieces.

Inventory:

Hand Weapons
 a - a +1 hand axe (weapon)
 e - a +5 dagger
Armour
 b - a +0 leather armour (worn)
Scrolls
 k - 2 scrolls of remove curse {unknown}
 l - a scroll of enchant weapon {unknown}
 n - 2 scrolls of identify {unknown}
Comestibles
 c - a bread ration
 g - 2 meat rations
 i - a royal jelly
 j - 2 chunks of flesh


   Skills:
 + Level 3.5 Fighting
 + Level 2.4 Axes
 + Level 2.1 Armour
 + Level 1.4 Dodging
 + Level 2.7 Invocations


You had 2 spell levels left.
You didn't know any spells.

Dungeon Overview and Level Annotations

Branches:
Dungeon (2/15)

Altars:
Dithmenos
Kikubaaqudgha
Ru


Innate Abilities, Weirdness & Mutations

You have a somewhat thin skeletal structure. (Dex +2, Stealth)
Your flesh is cold resistant. (rC+)


Message History

You slash the adder!
You kill the adder!
Lugonu accepts your kill.
* * * LOW HITPOINT WARNING * * *
You feel sick.
* * * LOW HITPOINT WARNING * * *
You feel sick.
You feel a strong urge to attack something.
* * * LOW HITPOINT WARNING * * *
You feel sick.
You feel your anger subside.
You are no longer berserk.
You are exhausted.
You feel yourself slow down.
* * * LOW HITPOINT WARNING * * *
You feel sick.
* * * LOW HITPOINT WARNING * * *
You feel sick.
* * * LOW HITPOINT WARNING * * *
You feel sick.
You die...

##########
#......... ###
#########.........
..#
#.........@.......
..#
##†######.........
..# #.#
............. ###
#.##...#.........
.##
#....###.........
..# #.#..#
###....... #.#
##...####. .......
#.# #.........
#######
#.#####..##...##


There were no monsters in sight!

Vanquished Creatures
  An adder (D:2)
  A dart slug (D:1)
  2 giant cockroaches (D:1)
  5 goblins
  3 hobgoblins
  7 bats (D:1)
  3 frilled lizards (D:1)
  10 kobolds
  5 rats (D:1)
37 creatures vanquished.

Notes
Turn   | Place    | Note
-------+----------+-------------------------------------------
     0 | Abyss:1  | LiquoriceLizzard the Demonspawn Abyssal Knight began the quest for the Orb.
     0 | Abyss:1  | Reached XP level 1. HP: 18/18 MP: 2/2
    36 | Abyss:1  | Noticed a smoke demon
    46 | Abyss:1  | Noticed a starcursed mass
    48 | D:1      | Escaped the Abyss
   355 | D:1      | Gained mutation: Your flesh is cold resistant. (rC+) [demonic ancestry]
   355 | D:1      | Reached XP level 2. HP: 16/24 MP: 3/3
   355 | D:1      | Reached * piety under Lugonu
  1046 | D:1      | Gained mutation: You have a somewhat thin skeletal structure. (Dex +2, Stealth) [demonic ancestry]
  1046 | D:1      | Reached XP level 3. HP: 20/29 MP: 5/5
  1110 | D:1      | Reached skill level 1 in Dodging
  1461 | D:2      | Found a shadowy altar of Dithmenos.
  1462 | D:2      | Found an ancient bone altar of Kikubaaqudgha.
  1493 | D:2      | Found a sacrificial altar of Ru.
  1573 | D:2      | HP: 1/29 [poisoned by an adder]
  1574 | D:2      | Succumbed to an adder's poison

Skill      XL: |  1  2  3 |
---------------+----------+-----
Axes           | 2 |  2.4
Armour         | 2 |  2.1
Dodging        | 1 |  1.4
Fighting       | |  3.5
Invocations    | |  2.7

Action                   || total
-------------------------++-------
Melee: Hand axe          ||   136
Invok: Depart the Abyss  ||     1
  Use: Potion            ||     4
 Stab: Sleeping          ||     1
  Eat: Chunk             ||     2
Armor: Leather armour    ||    34
Dodge: Dodged            ||    83
